 Dungeon Crawl Stone Soup version 0.18.1-48-g4cf74bf (webtiles) character file.

25 Jerry the Slasher (level 2, 0/33 HPs)
             Began as a Demonspawn Gladiator on Aug 5, 2016.
             Slain by a hobgoblin (3 damage)
             ... on level 2 of the Dungeon.
             The game lasted 00:03:34 (896 turns).

Jerry the Slasher (Demonspawn Gladiator)             Turns: 896, Time: 00:03:35

Health: 0/33       AC:  4    Str: 23    XL:     2   Next: 86%
Magic:  2/2        EV: 13    Int: 14    God:
Gold:   69         SH:  0    Dex: 13    Spells: 0 memorised, 1 level left

rFire  . . .     SeeInvis .     a - +0 long sword
rCold  . . .     Gourm    .     b - +0 leather armour
rNeg   . . .     Faith    .     (no shield)
rPois  .         Spirit   .     c - +0 helmet
rElec  .         Dismiss  .     (no cloak)
rCorr  .         Reflect  .     (no gloves)
SustAt .         Harm     +     (no boots)
MR     .....                    n - amulet of harm
Stlth  ..........               (no ring)
                                h - +3 ring of strength

@: brilliant, berserking, very quick, not resistant to hostile enchantments,
extremely unstealthy
A: powered by death 1
a: no special abilities


You were on level 2 of the Dungeon.
You were not hungry.

You visited 1 branch of the dungeon, and saw 2 of its levels.

You collected 69 gold pieces.

Inventory:

Hand Weapons
 a - a +0 long sword (weapon)
 p - a +0 hunting sling
Missiles
 d - 3 throwing nets (quivered)
 r - 4 stones
Armour
 b - a +0 leather armour (worn)
 c - a +0 helmet (worn)
Jewellery
 h - a +3 ring of strength (left hand)
 n - an amulet of harm (around neck)
 s - an uncursed ring of magical power {unknown}
Scrolls
 e - a scroll of identify {unknown}
 o - a scroll of fear {unknown}
Potions
 j - a potion of curing
 l - a potion of haste {unknown}
 m - 2 potions of lignification {unknown}
Comestibles
 f - 5 bread rations
 g - a meat ration
 q - a chunk of flesh


   Skills:
 - Level 2.0 Fighting
 + Level 3.2 Long Blades
 - Level 1.7 Throwing
 + Level 0.8 Armour
 + Level 3.1 Dodging


You had one spell level left.
You didn't know any spells.

Dungeon Overview and Level Annotations

Branches:
Dungeon (2/15)

Altars:

Annotations:
D:2 Ijyb


Innate Abilities, Weirdness & Mutations

You regenerate a little health from kills.


Message History

The hobgoblin barely misses you. Ijyb hits you but does no damage.
Drink which item? (? for menu, Esc to quit)
It was a potion of curing.
You feel better.
The hobgoblin hits you but does no damage.
Ijyb barely misses you.
You barely miss Ijyb.
Ijyb is severely wounded.
The hobgoblin barely misses you.
Ijyb zaps a wand.
The puff of flame hits you!
Ouch! That really hurt!
* * * LOW HITPOINT WARNING * * *
Drink which item? (? for menu, Esc to quit)
It was a potion of berserk rage.
A red film seems to cover your vision as you go berserk!
You feel yourself moving faster!
You feel mighty! The hobgoblin closely misses you.
Ijyb zaps a wand.
The puff of flame misses you.
You barely miss Ijyb.
Ijyb is heavily wounded.
The hobgoblin hits you.
You die...

#....# ##... #...# #..#
...... ##..####.###
......
##...)......###......
###..######.#...#.$..
##...## #.###.......
#..### #.# #..#... ..##
##.# ##g####.. ###
#..###@g.....#
..#########.......######
...#.....(..####.## ?#
....###.[##.# ##.# ..
....####....# #..# ##.
.†..##....#####.## #.)
....##.##..###..# #..
..#....###...#.##
#########.. ####.###
###...# ####.......†..


You could see Ijyb and a hobgoblin.

Vanquished Creatures
  A worm (D:2)
  2 dart slugs
  3 bats
  2 hobgoblins (D:1)
  A quokka (D:2)
  4 giant newts
  4 kobolds
  3 rats (D:1)
20 creatures vanquished.

Notes
Turn   | Place    | Note
--------------------------------------------------------------
     0 | D:1      | Jerry the Demonspawn Gladiator began the quest for the Orb.
     0 | D:1      | Reached XP level 1. HP: 16/16 MP: 1/1
   366 | D:1      | Gained mutation: You regenerate a little health from kills. [demonic ancestry]
   366 | D:1      | Reached XP level 2. HP: 22/22 MP: 2/2
   821 | D:2      | Noticed Ijyb
   896 | D:2      | Slain by a hobgoblin

Skill      XL: |  1  2 |
---------------+-------+-----
Long Blades    | 3 |  3.2
Dodging        | 3 |  3.1
Fighting       | |  2.0
Throwing       | |  1.7
Armour         | |  0.8

Action                   || total
-------------------------++-------
Melee: Long sword        ||    72
Throw: Throwing net      ||     1
  Use: Potion            ||     3
Armor: Leather armour    ||    33
Dodge: Dodged            ||    50
